 Dungeon Crawl Stone Soup version 0.22-a0-443-g17c3723 (webtiles) character file.

267 Ijustatesigmund the Skirmisher (level 6, -3/67 HPs)
             Began as an Ogre Hunter on May 31, 2018.
             Was an Initiate of the Shining One.
             Slain by an ogre
             ... wielding a +0 giant club
              (12 damage)
             ... on level 4 of the Dungeon.
             The game lasted 00:09:24 (4569 turns).

Ijustatesigmund the Skirmisher (Ogre Hunter)        Turns: 4569, Time: 00:09:24

Health: -3/67      AC:  3    Str: 17    XL:     6   Next: 21%
Magic:  6/6        EV: 10    Int: 14    God:    the Shining One [......]
Gold:   228        SH:  0    Dex: 13    Spells: 5/5 levels left

rFire    + . .     SeeInvis .   m - +2 whip (elec)
rCold    + . .     Gourm    .   (no shield)
rNeg     . . .     Faith    .   b - +0 robe
rPois    .         Spirit   .   (helmet restricted)
rElec    .         Reflect  .   (no cloak)
rCorr    .         Harm     .   (gloves unavailable)
MR       .....     Clarity  +   (boots unavailable)
Stlth    +.........             (no amulet)
HPRegen  0.21/turn              e - ring of protection from fire
MPRegen  0.10/turn              l - ring of protection from cold

@: glowing, drained
A: large, unfitting armour, talons 1, agile 1, clarity, clever 1, tough skin 1,
evolution 1
a: Renounce Religion


You were on level 4 of the Dungeon.
You worshipped the Shining One.
The Shining One was noncommittal.
You were not hungry.

You visited 1 branch of the dungeon, and saw 4 of its levels.

You collected 228 gold pieces.

Inventory:

Hand Weapons
 a - a +1 mace
 m - a +2 whip of electrocution (weapon)
Armour
 b - a +0 robe (worn)
Jewellery
 e - a ring of protection from fire (left hand)
 l - a ring of protection from cold (right hand)
Scrolls
 g - 2 scrolls of magic mapping
 h - 3 scrolls of identify
 j - 3 scrolls of remove curse
Potions
 i - a potion of flight
 k - 3 potions of agility
Comestibles
 f - 4 rations


   Skills:
 + Level 6.2(5.2) Fighting
 + Level 3.2(2.2) Maces & Flails
 - Level 4.0(3.0) Throwing
 + Level 2.3(1.3) Dodging
 - Level 0.6(0.0) Stealth


You had 5 spell levels left.
You didn't know any spells.
Your spell library was empty.

Dungeon Overview and Level Annotations

Branches:
Dungeon (4/15)
 Temple: D:4-7

Altars:
Nemelex Xobeh
Qazlal
The Shining One


Innate Abilities, Weirdness & Mutations

You are too large for most types of armour.
You have tough skin. (AC +1)
You have sharp toenails.
You are agile. (Dex +2)
You possess an exceptional clarity of mind.
Your mind is acute. (Int +2)
You evolve.


Message History

You start resting.
An ogre comes into view. It is wielding a giant club.
Found a scroll of random uselessness.
You see here a large rock.
d - 2 large rocks (gained 1) Throwing (i - inventory)
d - 2 large rocks (quivered)
Press: ? - help, Shift-Dir - straight line, f - ogre
Aim: an ogre, wielding a giant club You throw a large rock.
The large rock closely misses the ogre.
Quiver which item? (- for none, * to show all) (? for menu, Esc to quit)
Okay, then.
Throwing (i - inventory)
d - a large rock (quivered)
Press: ? - help, Shift-Dir - straight line, f/p - ogre
Aim: an ogre, wielding a giant club You throw a large rock.
The large rock hits the ogre!!
The ogre is severely wounded.
The ogre hits you with a giant club!!
* * * LOW HITPOINT WARNING * * *
The ogre hits you with a giant club!
You die...

#.......#.....####.#
#.......#####..# .# .
#....)..#####..###.##..
#.....o.#......(.......
#....l..#.##........?..
#.....[.#.##..........#
###....<..##..........#
#.......#####O#####.#
#.......# #@# #
#.#.#.#.# #.# #.#.#.#.#
#.. ....#.#.# ##..
.....#.... .##
......#.. . .# . .. .
.. .


You could see an ogre.

Vanquished Creatures
  A scorpion (D:2)
  A howler monkey (D:3)
  An orc wizard (D:4)
  An iguana (D:4)
  5 adders
  2 oozes (D:1)
  2 dart slugs (D:2)
  5 orcs
  5 bats
  5 giant cockroaches
  5 goblins
  7 hobgoblins
  6 jackals (D:2)
  2 quokkas
  7 frilled lizards
  7 kobolds
  A leopard gecko skeleton (D:4)
  6 rats
69 creatures vanquished.

Notes
Turn   | Place    | Note
-------+----------+-------------------------------------------
     0 | D:1      | Ijustatesigmund the Ogre Hunter began the quest for the Orb.
     0 | D:1      | Reached XP level 1. HP: 22/22 MP: 1/1
    14 | D:1      | Reached skill level 3 in Fighting
   364 | D:2      | Reached XP level 2. HP: 20/32 MP: 2/2
   988 | D:1      | Reached skill level 4 in Fighting
  1252 | D:1      | Reached skill level 1 in Maces & Flails
  1252 | D:1      | Reached XP level 3. HP: 17/39 MP: 3/3
  1833 | D:2      | Gained mutation: You are covered in fur. (AC +1) [potion of mutation]
  1833 | D:2      | Gained mutation: You evolve. [potion of mutation]
  1833 | D:2      | Gained mutation: You are dopey. (Int -2) [potion of mutation]
  1833 | D:2      | Gained mutation: You are agile. (Dex +2) [potion of mutation]
  2368 | D:2      | Found a sparkling altar of Nemelex Xobeh.
  2431 | D:2      | Reached XP level 4. HP: 43/49 MP: 4/4
  2452 | D:2      | Reached skill level 5 in Fighting
  2738 | D:2      | Gained mutation: You have a pair of small horns on your head. [evolution]
  2738 | D:2      | Lost mutation: You evolve. [end of evolution]
  2744 | D:2      | Lost mutation: You are dopey. (Int -2) [potion of mutation]
  2744 | D:2      | Lost mutation: You have a pair of small horns on your head. [potion of mutation]
  2744 | D:2      | Lost mutation: You are covered in fur. (AC +1) [potion of mutation]
  2744 | D:2      | Gained mutation: Your mind is acute. (Int +2) [potion of mutation]
  2744 | D:2      | Gained mutation: You evolve. [potion of mutation]
  2744 | D:2      | Gained mutation: You have sharp toenails. [potion of mutation]
  2950 | D:2      | Reached XP level 5. HP: 41/57 MP: 5/5
  3285 | D:2      | Gained mutation: You possess an exceptional clarity of mind. [evolution]
  3904 | D:3      | Found a faded altar of an unknown god.
  4040 | D:3      | Found a glowing golden altar of the Shining One.
  4075 | D:3      | Became a worshipper of the Shining One
  4199 | D:3      | Found a stormy altar of Qazlal.
  4273 | D:3      | Reached skill level 6 in Fighting
  4487 | D:4      | Noticed an ogre
  4531 | D:4      | Reached XP level 6. HP: 31/67 MP: 6/6
  4569 | D:4      | Slain by an ogre

Vault maps used:
D:1:      dpeg_arrival_chambers_temple_mockup
D:2:      nemelex_xobeh_ov_fountains_minmay
D:3:      lemuel_doored_altar, chequers_ecumenical_altar_simple_redux,
          first_ration, nicolae_qazlal_eye_of_the_storm

Skill      XL: |  1  2  3  4  5 |
---------------+----------------+-----
Fighting       | 3 4 5 6 |  6.2
Maces & Flails | 1 2 3 |  3.2
Dodging        | 2 |  2.3
Throwing       | |  4.0
Stealth        | |  0.6

Action                   |  1- 3 |  4- 6 || total
-------------------------+-------+-------++-------
Melee: Short sword       |    24 |       ||    24
       Club              |   138 |    54 ||   192
       Kick              |       |    30 ||    30
       Whip              |       |    57 ||    57
       Mace              |       |     8 ||     8
Throw: Large rock        |    14 |    13 ||    27
       Throwing net      |     2 |       ||     2
  Use: Scroll            |     5 |    10 ||    15
       Potion            |     5 |     1 ||     6
 Stab: Sleeping          |       |     1 ||     1
  Eat: Ration            |     1 |       ||     1
       Chunk             |     1 |     7 ||     8
Armor: Robe              |    87 |    49 ||   136
Dodge: Dodged            |   133 |    79 ||   212

Table legend:
 A = Spawn XP
 B = Non-spawn XP
 C = Spawn XP percentage of total XP
 D = Spawn monster count
 E = Non-spawn monster count
 F = Spawn count percentage of total count
 G = Total turns spent on level
                    A         B        C        D         E        F      G
               +---------+---------+-------+---------+---------+-------+---------
         Total |       0 |     382 |   0.0 |       0 |      69 |   0.0 |  4569
               +---------+---------+-------+---------+---------+-------+---------
           D:1 |       0 |      37 |   0.0 |       0 |      19 |   0.0 |  1295
           D:2 |       0 |     173 |   0.0 |       0 |      34 |   0.0 |  2439
           D:3 |       0 |      91 |   0.0 |       0 |      12 |   0.0 |   731
           D:4 |       0 |      81 |   0.0 |       0 |       4 |   0.0 |   104
               +---------+---------+-------+---------+---------+-------+---------
